 Dungeon Crawl Stone Soup version 0.30-a0-1114-gd936c97349 (webtiles) character file.

Game seed: 7961758381398401301

103 Kenran the Trooper (level 4, -2/42 HPs)
             Began as a Hill Orc Wanderer on Apr 19, 2023.
             Was an Initiate of Nemelex Xobeh.
             Slain by an iguana (9 damage)
             ... on level 4 of the Dungeon on Apr 21, 2023.
             The game lasted 00:06:40 (2989 turns).

Kenran the Trooper (Hill Orc Wanderer)              Turns: 2989, Time: 00:06:41

Health: -2/42      AC: 13    Str: 17    XL:     4   Next: 79%
Magic:  4/4        EV:  4    Int: 10    God:    Nemelex Xobeh [......]
Gold:   645        SH:  3    Dex: 11    Spells: 3/3 levels left

rFire   . . .      SeeInvis +    o - +0 hand axe
rCold   + + +      Faith    .    i - +0 buckler
rNeg    . . .      Spirit   .    f - +0 plate armour
rPois   .          Reflect  .    (no helmet)
rElec   +          Rampage  .    (no cloak)
rCorr   .                        (no gloves)
Will    .....                    b - +2 pair of boots "Cuusor" {rElec rC+++ SInv Stlth-} Stlth
                                 (no amulet)
HPRegen 0.27/turn                (no ring)
MPRegen 0.09/turn                (no ring)

@: no status effects
A: no striking features
a: Renounce Religion, Draw Escape, Draw Destruction, Draw Summoning


You were on level 4 of the Dungeon.
You worshipped Nemelex Xobeh.
Nemelex Xobeh was noncommittal.
You visited 1 branch of the dungeon, and saw 4 of its levels.

You collected 1423 gold pieces.
You spent 778 gold pieces at shops.

Inventory:

Hand Weapons
 o - a +0 hand axe (weapon)
Armour
 b - the +2 pair of boots "Cuusor" (worn) {rElec rC+++ SInv Stlth-}
   (You bought it in a shop on level 3 of the Dungeon)

   rC:        It renders you almost immune to cold.
   rElec:     It insulates you from electricity.
   SInv:      It lets you see invisible.
   Stlth:     It makes you less stealthy.
 f - a +0 plate armour (worn)
 i - a +0 buckler (worn)
Wands
 m - a wand of light (15)
Scrolls
 e - 2 scrolls of enchant weapon
 g - a scroll of vulnerability {!r}
 j - a scroll of brand weapon
 k - a scroll of fear
 q - a scroll of immolation {unknown}
Potions
 a - a potion of lignification {unknown}
 c - 2 potions of heal wounds {@q2}
 d - 5 potions of curing {@q1}
 h - 2 potions of invisibility
 l - a potion of ambrosia {unknown}
 n - a potion of cancellation {unknown}
 p - a potion of degeneration {unknown}
 r - a potion of might {unknown}


   Skills:
 - Level 5.3 Fighting
 - Level 1.0 Short Blades
 * Level 2.9 Axes
 + Level 2.0 Armour
 - Level 3.2 Unarmed Combat
 - Level 1.2 Invocations
 - Level 1.0 Evocations


You had 3 spell levels left.
You didn't know any spells.
Your spell library was empty.

Dungeon Overview and Level Annotations

Branches:
Dungeon (4/15)
 Temple: D:4-7

Altars:
Kikubaaqudgha
Makhleb
Nemelex Xobeh
Okawaru
Yredelemnul

Shops:
D:3 [

Annotations:
D:2 1 runed translucent door, Crazy Yiuf
D:3 exclusion: 2 downstairs
D:4 Dowan, Duvessa


Message History

The iguana is moderately wounded.
You hit the orc. x2; The iguana bites you.
The orc hits you but does no damage. x2
You hit the iguana.
The iguana is heavily wounded.
You barely miss the orc. You hit the orc.
You kill the orc!
The iguana bites you! The orc hits you but does no damage.
You closely miss the iguana.
The iguana is heavily wounded.
You hit the orc.
You kill the orc!
The iguana bites you.
* * * LOW HITPOINT WARNING * * *
You barely miss the iguana.
The iguana is heavily wounded.
The iguana bites you.
* * * LOW HITPOINT WARNING * * *
Unknown command.
Unknown command.
Unknown command.
Unknown command.
Unknown command.
Unknown command.
You barely miss the iguana.
The iguana is heavily wounded.
The iguana completely misses you.
You hit the iguana.
The iguana is heavily wounded.
The iguana barely misses you.
The iguana bites you but does no damage.
Unknown command.
You completely miss the iguana.
The iguana is heavily wounded.
The iguana bites you.
* * * LOW HITPOINT WARNING * * *
You hit the iguana.
The iguana is severely wounded.
The iguana bites you!
You die...
Your body disappears without a glow.

#..... #. #.#.# ##.....##
#.# #.#.#### ......... ..#
#.#....# #......##+##.#
#.#....#
#.?....#...#.###.#....#
##.....)#.8.#..........###
.......?#...#.###......<..
........##'##.........#.##
........l@....###.....#...
........))..### #####.#.##
......####### #.#.. ......
#.... ...... #..... ......
#..... ..... ..... ####


You could see an iguana.

Vanquished Creatures
  A scorpion zombie (D:3)
  2 adders (D:3)
  A gnoll (D:1)
  A dart slug (D:3)
  5 orcs
  A ball python (D:2)
  An endoplasm (D:4)
  3 giant cockroaches (D:1)
  2 goblins (D:2)
  6 hobgoblins
  2 jackals (D:1)
  A quokka (D:1)
  2 bats (D:1)
  A frilled lizard (D:3)
  6 kobolds
  2 quokka zombies (D:3)
  7 rats
  A spectral goblin (D:1)
45 creatures vanquished.

Vanquished Creatures (others)
  3 plants (D:1)
3 creatures vanquished.

Grand Total: 48 creatures vanquished

Notes
Turn   | Place    | Note
-------+----------+-------------------------------------------
     0 | D:1      | Kenran the Hill Orc Wanderer began the quest for the Orb.
     0 | D:1      | Kenran set off with the following items: a +1 short sword,
                  | a potion of invisibility, a potion of heal wounds {@q2}, a
                  | potion of curing {@q1}, a +0 leather armour.
     0 | D:1      | Reached XP level 1. HP: 19/19 MP: 1/1
   250 | D:1      | Reached skill level 4 in Fighting
   297 | D:1      | Found a faded altar of an unknown god.
   306 | D:1      | Reached XP level 2. HP: 27/27 MP: 2/2
   676 | D:1      | Reached skill level 5 in Fighting
   676 | D:1      | Reached XP level 3. HP: 10/36 MP: 3/3
  1614 | D:2      | Found a runed translucent door.
  1615 | D:2      | Noticed Crazy Yiuf
  1932 | D:3      | Found a burning altar of Makhleb.
  1944 | D:3      | Found Riur's Armour Emporium.
  2268 | D:3      | Found an ancient bone altar of Kikubaaqudgha.
  2269 | D:3      | Found a sparkling altar of Nemelex Xobeh.
  2276 | D:3      | Reached skill level 1 in Axes
  2278 | D:3      | Found an iron altar of Okawaru.
  2307 | D:3      | Became a worshipper of Nemelex Xobeh the Trickster
  2358 | D:3      | Reached XP level 4. HP: 25/42 MP: 4/4
  2585 | D:3      | Found a basalt altar of Yredelemnul.
  2644 | D:3      | Identified a scroll of acquirement
  2645 | D:3      | Acquired 1326 gold pieces
  2797 | D:3      | Bought the +2 pair of boots "Cuusor" {rElec rC+++ SInv
                  | Stlth-} for 729 gold pieces
  2797 | D:3      | Bought a +0 buckler for 49 gold pieces
  2859 | D:4      | Noticed Dowan
  2860 | D:4      | Noticed Duvessa
  2888 | D:3      | Upgraded the game from 0.30-a0-1104-g706747fef1 to
                  | 0.30-a0-1114-gd936c97349
  2989 | D:4      | Slain by an iguana

Illustrated notes

Levels and vault maps discovered:
D:1:      nagdon_arrival_zigzag_paths, layout_loops_ring,
          dreamdust_ecumenical_altar_drowned_temple, nicolae_grassy_gnolls
D:2:      layout_basic, grunt_decor_fettered, uniq_crazy_yiuf_cottage
D:3:      layout_basic, grunt_temple_overflow_open,
          nicolae_yredelemnul_corpse_copse, serial_shops, shop, minmay_ruptured
D:4:      layout_basic, minmay_misc_feat_room, uniq_duvessa

Skill      XL: |  1  2  3  4 |
---------------+-------------+-----
Fighting       | 4 5 |  5.3
Axes           | 2 |  2.9
Armour         | 2 |  2.0
Short Blades   | |  1.0
Unarmed Combat | |  3.2
Invocations    | |  1.2
Evocations     | |  1.0

Action                     |  1- 3 |  4- 6 || total
---------------------------+-------+-------++-------
  Melee: Short sword       |   120 |       ||   120
         Punch             |     2 |       ||     2
         Hand axe          |    25 |    34 ||    59
    Use: Potion            |     1 |       ||     1
         Scroll            |       |     6 ||     6
   Stab: Invisible         |     3 |       ||     3
 Armour: Plate armour      |    78 |    31 ||   109
         Leather armour    |     3 |       ||     3
  Dodge: Dodged            |    35 |     9 ||    44
  Block: Buckler           |       |     1 ||     1

Table legend: (Time is in decaauts)
 A = Elapsed time spent in this place.
 B = Non-inter-level travel time spent in this place.
 C = Inter-level travel time spent in this place.
 D = Time resting spent in this place.
 E = Time spent auto-exploring this place.
 F = Levels seen in this place.
 G = Mean time per level.
                   A        B        C        D        E       F      G
               +--------+--------+--------+--------+--------+-----+--------+
         Total |   3004 |   2681 |    323 |    110 |   1924 |   4 |  751.0 |
       Dungeon |   3004 |   2681 |    323 |    110 |   1924 |   4 |  751.0 |
               +--------+--------+--------+--------+--------+-----+--------+

Top non-repeatable levels by time:
     D:1: 1041 daAuts
     D:3: 967 daAuts
     D:2: 882 daAuts
     D:4: 112 daAuts
